 Dungeon Crawl Stone Soup version 0.20-a0-513-g02c11fc (webtiles) character file.

88753 nubinia the Stormcaller (level 15, -7/111 HPs)
             Began as a Pale Draconian Air Elementalist on Jan 20, 2017.
             Was a High Priest of Sif Muna.
             Mangled by a tentacle (24 damage)
             ... attached to a kraken
             ... on level 3 of the Shoals on Jan 22, 2017.
             The game lasted 03:24:34 (33266 turns).

nubinia the Stormcaller (DrAE)                     Turns: 33266, Time: 03:24:35

Health: -7/111     AC: 15    Str: 12    XL:     15   Next: 47%
Magic:  17/40      EV: 17    Int: 21    God:    Sif Muna [*****.]
Gold:   1792       SH:  0    Dex: 20    Spells: 1/38 levels left

rFire    . . .     SeeInvis .   h - +7 short sword (protect)
rCold    + . .     Gourm    .   (armour unavailable)
rNeg     + . .     Faith    .   (no shield)
rPois    +         Spirit   .   (helmet restricted)
rElec    .         Reflect  .   I - +2 cloak {rPois}
rCorr    .         Harm     .   R - +0 pair of gloves
MR       +....                  W - +1 pair of boots of Somewhere Else {rPois rN+}
Stlth    +++.......             M - amulet of rage
Regen    0.3/turn               U - +5 ring of dexterity
                                Y - ring of magical power

@: short of breath, divine energy
A: breathe steam, unfitting armour, agile 1, blink, clever 1, cold resistance 1,
evolution 1, cold-blooded, AC +9
a: Breathe Steam, Blink, Stop Divine Energy, Channel Magic, Forget Spell,
Renounce Religion, Evoke Berserk Rage


You were on level 3 of the Shoals.
You worshipped Sif Muna.
Sif Muna was extremely pleased with you.
You were not hungry.

You visited 5 branches of the dungeon, and saw 23 of its levels.
You also visited: Ice Cave.

You collected 2247 gold pieces.
You spent 455 gold pieces at shops.

Inventory:

Hand Weapons
 g - a +1 quick blade of freezing
 h - a +7 short sword of protection (weapon)
 A - the +8 eveningstar of the Vestibule of Hell {elec, rPois rN+}
   (You found it on level 6 of the Lair of Beasts)

   Occasionally, upon striking a foe, it will discharge some electrical energy
   and cause terrible harm.
   It protects you from poison.
   It protects you from negative energy.
Armour
 I - a +2 cloak of poison resistance (worn)
 R - a +0 pair of gloves (worn)
 W - the +1 pair of boots of Somewhere Else (worn) {rPois rN+}
   (You acquired it on level 3 of the Shoals)

   It protects you from poison.
   It protects you from negative energy.
Magical Staves
 u - an uncursed staff of conjuration
 y - an uncursed staff of fire
Jewellery
 c - an uncursed ring of ice
 e - a +3 ring of evasion
 i - an uncursed ring of see invisible
 j - an uncursed ring of fire
 x - an uncursed ring of protection from cold
 F - an uncursed ring of positive energy
 M - an amulet of rage (around neck)
 P - an uncursed ring of positive energy
 U - a +5 ring of dexterity (right hand)
 Y - a ring of magical power (left hand)
Wands
 d - a wand of acid (6/15)
 f - a wand of clouds (5/9)
 s - a wand of clouds (4/9)
 t - a wand of lightning (6/15)
 z - a wand of lightning (5/15)
 C - a wand of digging (21/24)
 S - a wand of confusion (26/48)
Scrolls
 l - 3 scrolls of enchant armour
 n - 7 scrolls of teleportation
 v - a scroll of blinking
 w - 6 scrolls of remove curse
 D - 3 scrolls of identify
 E - 3 scrolls of magic mapping
 K - 3 scrolls of amnesia
 Q - 3 scrolls of fog
Potions
 k - 2 potions of heal wounds
 m - 10 potions of curing
 o - a potion of magic
 p - a potion of flight
 r - 2 potions of invisibility
 B - 3 potions of berserk rage
 J - 6 potions of agility
 L - 4 potions of haste
 T - 2 potions of brilliance
 Z - 2 potions of might
Books
 a - a book of Party Tricks

   Spells                             Type                      Level
   a - Summon Butterflies             Summoning                    1
   b - Apportation                    Translocation                1
   c - Lesser Beckoning               Translocation                3
   d - Tukima's Dance                 Hexes                        3
   e - Alistair's Intoxication        Transmutation/Poison         5
   f - Invisibility                   Hexes                        6
 V - Rastroze's Guide on Attacks
   (Sif Muna gifted it to you on level 3 of the Shoals)

   Spells                             Type                      Level
   a - Conjure Flame                  Conjuration/Fire             3
   b - Venom Bolt                     Conjuration/Poison           5
   c - Poison Arrow                   Conjuration/Poison           6
   d - Fire Storm                     Conjuration/Fire             9
Miscellaneous
 G - a phial of floods
 H - a phantom mirror
 N - a fan of gales (inert)
Comestibles
 b - 16 bread rations


   Skills:
 + Level 4.5 Fighting
 + Level 4.7 Short Blades
 + Level 6.3 Dodging
 + Level 5.0 Stealth
 + Level 12.2 Spellcasting
 * Level 14.5 Conjurations
 + Level 4.8 Charms
 + Level 2.0 Necromancy
 * Level 6.6 Fire Magic
 * Level 4.6 Ice Magic
 * Level 15.0 Air Magic
 + Level 0.9 Evocations


You had one spell level left.
You knew the following spells:

 Your Spells              Type           Power        Failure   Level  Hunger
a - Shock                 Conj/Air       ####         0%          1    None
b - Iskenderun's Mystic   Conj           ######..     1%          4    None
c - Lightning Bolt        Conj/Air       ######....   1%          5    ####...
d - Deflect Missiles      Chrm/Air       ######....   14%         6    #####..
e - Magic Dart            Conj           ####         0%          1    None
f - Sticky Flame          Conj/Fire      ######..     1%          4    None
g - Shroud of Golubria    Chrm/Tloc      ###.......   3%          2    None
h - Apportation           Tloc           ##....       6%          1    None
i - Iskenderun's Battles  Conj/Chrm      ######..     2%          5    ####...
o - Ozocubu's Armour      Chrm/Ice       ####....     2%          3    None
s - Swiftness             Chrm/Air       ######..     1%          2    None
R - Regeneration          Chrm/Necr      ####......   3%          3    None


Dungeon Overview and Level Annotations

Branches:
Dungeon (11/15)            Temple (1/1) D:5            Lair (6/6) D:10
 Shoals (3/4) Lair:2       Spider (0/4) Lair:3        Slime (0/5) Lair:5
    Orc (2/2) D:11            Elf (0/3) Orc:2

Altars:
Ashenzari
Cheibriados
Dithmenos
Elyvilon
Fedhas
Gozag
Hepliaklqana
Kikubaaqudgha
Makhleb
Nemelex Xobeh
Okawaru
Qazlal
Ru
Sif Muna
Trog
Uskayaw
Vehumet
Xom
Yredelemnul
Zin
The Shining One
Beogh

Shops:
Orc:2 [(!:*

Annotations:
D:3 HEYYEYAAE's ghost, novice TrBe


Innate Abilities, Weirdness & Mutations

You can breathe blasts of scalding, opaque steam.
Your pale cyan-grey scales are hard. (AC +9)
You cannot fit into any form of body armour.
You are cold-blooded and may be slowed by cold attacks.
You are agile. (Dex +2)
You can translocate small distances at will.
Your mind is acute. (Int +2)
Your flesh is cold resistant. (rC+)
You evolve.


Message History

A tentacle segment bursts forth from the water.
The tentacle completely misses you.
The tentacle barely misses your battlesphere.
The tentacle slaps your battlesphere!!
Your battlesphere is destroyed!
The merfolk throws a stone.
The stone hits you!
Casting: Lightning Bolt
Confirm with . or Enter, or press ? or * to list all spells.
Aiming: Lightning Bolt
Press: ? - help, Shift-Dir - straight line, f/p - kraken
Aim: a kraken (water, severely wounded)
You hear a mighty clap of thunder!
The bolt of lightning hits the tentacle.
You kill the tentacle!
The bolt of lightning hits the kraken.
The kraken is severely wounded.
The tentacle slaps you!!
* * * LOW HITPOINT WARNING * * *
The tentacle slaps you!!
You die...

..≈≈.).≈.≈P..P≈P≈≈P≈PP.P≈≈≈≈≈≈≈≈
≈≈≈≈≈≈≈≈≈≈≈≈P≈≈P≈P≈≈P≈P≈≈≈≈≈≈≈≈≈
≈≈≈≈≈≈≈≈≈≈≈≈≈≈≈≈≈≈≈≈≈≈≈≈P≈≈≈≈≈≈≈
≈≈≈≈≈≈(≈≈≈≈≈≈≈≈≈≈≈≈≈P≈≈≈≈P≈≈≈≈≈≈
≈≈...)≈≈≈≈≈≈≈≈≈P≈≈≈≈P≈≈≈≈≈P≈≈≈≈≈
≈≈...≈≈≈≈≈.)P≈≈≈≈[.≈P≈≈P.P≈≈≈≈≈≈
≈..≈≈.≈..≈≈...#)..P≈≈≈≈≈≈PP≈≈≈≈≈
≈≈...###..≈≈.##.P≈≈≈m≈≈≈≈≈≈≈≈≈≈≈
≈≈...###.≈≈≈....@w)≈P≈≈≈≈≈≈≈≈≈≈≈
≈≈...)#..≈PPP((w≈w≈..≈≈..≈≈≈≈≈≈≈
≈≈≈≈.^...≈PPPPP≈≈≈*...##..≈≈≈≈≈≈
≈≈≈...≈..≈≈≈PP≈≈≈≈≈.<.##..≈≈≈≈≈≈
≈≈≈...≈..≈≈≈≈≈≈X≈≈≈≈...[..≈≈≈..≈
≈≈≈≈≈≈≈≈≈≈≈≈≈≈≈≈≈≈≈≈..(...≈≈≈≈≈
≈≈≈≈≈≈≈≈≈≈≈≈≈≈≈≈≈≈≈......≈≈≈≈≈
≈≈≈≈≈≈≈X≈≈≈≈≈≈≈≈≈≈≈≈≈≈..≈≈≈
≈≈≈≈≈≈≈≈≈≈≈≈≈≈≈≈≈≈≈≈≈≈≈≈≈≈≈


You could see a kraken, a merfolk and 3 tentacles.

Vanquished Creatures
  A reaper (IceCv)
  Azrael (Orc:2)
  4 dire elephants (Lair:6)
  A merfolk javelineer (Shoals:2)
  An ettin (Orc:2)
  4 merfolk impalers
  4 merfolk avatars
  Fannar (Lair:3)
  6 hydras
  Harold (Lair:3)
  An anaconda (Lair:6)
  5 two-headed ogres
  3 orc high priests (Orc:2)
  Urug (D:10)
  10 sea snakes
  3 unseen horrors
  8 harpies
  A faun (Shoals:2)
  2 orc sorcerers
  4 manticores
  9 merfolk sirens
  2 water nymphs
  Maurice (D:8)
  3 black mambas
  8 elephants (Lair:6)
  8 spiny frogs
  6 komodo dragons
  4 rime drakes
  4 trolls
  21 merfolk
  7 ice devils (IceCv)
  3 polar bears
  A jumping spider (Lair:3)
  5 wind drakes
  10 hippogriffs
  6 blink frogs
  13 snapping turtles
  Sigmund (D:6)
  A spriggan (D:9)
  74 yaks
  A redback (Lair:3)
  4 fire elementals (Orc:2)
  2 wyverns
  3 basilisks
  2 hungry ghosts
  Grum (D:8)
  A warg (Orc:2)
  13 water moccasins
  A hell hound (Orc:1)
  8 porcupines
  20 orc warriors
  4 sky beasts
  3 ice beasts
  2 black bears
  A phantom (D:9)
  6 wolves
  4 ogres
  3 centaurs
  14 crocodiles
  3 big kobolds
  12 bullfrogs
  An earth elemental (Orc:2)
  3 scorpions
  17 wights
  7 killer bees
  3 howler monkeys
  A centaur zombie (D:8)
  3 crimson imps
  7 jellies
  A quasit (D:7)
  4 hounds
  3 bullfrog skeletons
  15 orc priests
  A centaur skeleton (D:7)
  5 iguanas
  15 orc wizards
  Crazy Yiuf (D:5)
  A gnoll shaman (D:9)
  10 worker ants
  A hound skeleton (D:7)
  2 worker ant zombies (D:10)
  6 adders
  11 gnolls
  4 shadow imps
  18 white imps
  7 ufetubi (IceCv)
  An ooze (D:2)
  3 worms
  A dart slug (D:3)
  5 leopard geckos
  79 orcs
  7 giant cockroaches
  7 goblins
  8 hobgoblins
  2 jackals (D:1)
  17 kobolds
  2 quokkas
  2 ball pythons (D:2)
  8 bats
  5 frilled lizards
  A jackal skeleton (D:6)
  2 quokka skeletons
  10 rats
  4 fungi
  2 plants (Lair:6)
  2 tentacles (Shoals:3)
672 creatures vanquished.

Vanquished Creatures (collateral kills)
  An orc high priest (Orc:2)
  An orc priest (Orc:2)
2 creatures vanquished.

Vanquished Creatures (others)
  A sea snake (Shoals:3)
  9 white imps (IceCv)
  An ufetubus (IceCv)
  14 fungi
  34 plants
  7 tentacles (Shoals:3)
66 creatures vanquished.

Grand Total: 740 creatures vanquished

Notes
Turn   | Place    | Note
-------+----------+-------------------------------------------
     0 | D:1      | nubinia the Draconian Air Elementalist began the quest for the Orb.
     0 | D:1      | Reached XP level 1. HP: 14/14 MP: 3/3
   232 | D:1      | Reached XP level 2. HP: 20/20 MP: 0/5
   412 | D:1      | Learned a level 2 spell: Repel Missiles
   415 | D:1      | Learned a level 2 spell: Swiftness
   830 | D:1      | Found a glowing golden altar of the Shining One.
  1210 | D:2      | Found a bloodstained altar of Trog.
  1413 | D:2      | Reached XP level 3. HP: 26/26 MP: 2/6
  2097 | D:2      | Found a glowing silver altar of Zin.
  2428 | D:3      | Reached XP level 4. HP: 33/33 MP: 6/8
  2644 | D:3      | Found a white marble altar of Elyvilon.
  2878 | D:3      | Noticed HEYYEYAAE's ghost (novice TrBe)
  3052 | D:3      | Reached XP level 5. HP: 36/38 MP: 3/10
  3709 | D:4      | Reached skill level 4 in Air Magic
  3750 | D:4      | Learned a level 3 spell: Static Discharge
  4331 | D:4      | Reached XP level 6. HP: 45/45 MP: 3/11
  5116 | D:5      | Entered Level 5 of the Dungeon
  5421 | D:5      | Found a staircase to the Ecumenical Temple.
  5430 | Temple   | Entered the Ecumenical Temple
  5673 | D:5      | Your scales start taking on a pale cyan-grey colour.
  5673 | D:5      | Reached skill level 5 in Air Magic
  5673 | D:5      | Reached XP level 7. HP: 51/51 MP: 8/13
  5834 | D:5      | Noticed a yak
  5834 | D:5      | Noticed a yak
  5896 | D:5      | Noticed a yak
  5945 | D:5      | Killed a yak
  6262 | D:5      | Found a runed door.
  6309 | D:5      | Noticed a yak
  6309 | D:5      | Noticed a yak
  6309 | D:5      | Noticed a yak
  6523 | D:6      | Noticed Sigmund
  6582 | D:6      | Reached skill level 1 in Fighting
  7038 | D:5      | Reached skill level 5 in Spellcasting
  7173 | D:5      | Reached XP level 8. HP: 59/59 MP: 4/15
  7343 | D:5      | Reached skill level 6 in Air Magic
  7438 | D:5      | Noticed Crazy Yiuf
  7443 | D:5      | Killed Crazy Yiuf
  7498 | D:5      | Reached skill level 5 in Conjurations
  7500 | D:5      | Reached skill level 7 in Air Magic
  7676 | D:5      | Reached XP level 9. HP: 67/67 MP: 14/18
  8322 | D:6      | Killed Sigmund
  8635 | D:7      | Reached skill level 8 in Air Magic
  8646 | D:7      | Gained mutation: You evolve. [potion of mutation]
  8646 | D:7      | Gained mutation: You are dopey. (Int -2) [potion of mutation]
  8646 | D:7      | Gained mutation: Your flesh is cold resistant. (rC+) [potion of mutation]
  9571 | D:7      | Learned a level 5 spell: Lightning Bolt
  9724 | D:8      | Noticed Maurice
  9732 | D:8      | Killed Maurice
  9854 | D:8      | Reached skill level 9 in Air Magic
  9883 | D:8      | Reached XP level 10. HP: 54/74 MP: 6/21
 10150 | D:8      | Found a deep blue altar of Sif Muna.
 10155 | D:8      | Became a worshipper of Sif Muna the Loreminder
 10157 | D:8      | Found a shadowy altar of Dithmenos.
 10251 | D:8      | Noticed Grum
 10281 | D:8      | Learned a level 4 spell: Iskenderun's Mystic Blast
 10849 | D:9      | Noticed a two-headed ogre
 10879 | D:9      | Killed a two-headed ogre
 10879 | D:9      | Reached * piety under Sif Muna
 10879 | D:9      | Reached skill level 10 in Air Magic
 10991 | D:9      | Killed an unseen horror
 11282 | D:8      | Killed an unseen horror
 11435 | D:8      | Killed Grum
 11486 | D:9      | Reached ** piety under Sif Muna
 11809 | D:10     | Entered Level 10 of the Dungeon
 11840 | D:10     | Reached XP level 11. HP: 81/81 MP: 15/23
 11887 | D:10     | Noticed a two-headed ogre
 11893 | D:10     | Killed a two-headed ogre
 11893 | D:10     | Reached skill level 11 in Air Magic
 11900 | D:10     | Noticed Urug
 11966 | D:10     | Killed Urug
 12244 | D:10     | Found a staircase to the Lair.
 12341 | D:10     | Reached *** piety under Sif Muna
 12364 | D:10     | Noticed a two-headed ogre
 12374 | D:10     | Killed a two-headed ogre
 12853 | D:10     | Noticed a two-headed ogre
 12858 | D:10     | Killed a two-headed ogre
 12858 | D:10     | Reached skill level 10 in Conjurations
 13082 | D:10     | Learned a level 5 spell: Iskenderun's Battlesphere
 13113 | Lair:1   | Entered Level 1 of the Lair of Beasts
 13340 | Lair:1   | Reached skill level 12 in Air Magic
 13358 | Lair:1   | Reached skill level 1 in Charms
 13381 | Lair:1   | Reached **** piety under Sif Muna
 13786 | Lair:1   | Gained mutation: You are agile. (Dex +2) [evolution]
 14213 | Lair:2   | Reached XP level 12. HP: 88/89 MP: 25/25
 14228 | Lair:2   | Noticed an eight-headed hydra
 14233 | Lair:2   | Killed an eight-headed hydra
 14332 | Lair:2   | Found a frozen archway.
 14455 | IceCv    | Entered an ice cave
 15479 | IceCv    | Noticed a reaper
 15593 | IceCv    | Lost mutation: You are dopey. (Int -2) [evolution]
 15609 | IceCv    | Killed a reaper
 15738 | IceCv    | Got fine ice dragon scales
 15798 | Lair:2   | Noticed an eight-headed hydra
 15802 | Lair:2   | Killed an eight-headed hydra
 15802 | Lair:2   | Reached skill level 10 in Spellcasting
 16027 | Lair:2   | Reached ***** piety under Sif Muna
 16058 | Lair:2   | Received a gift from Sif Muna
 16091 | Lair:2   | Found a staircase to the Shoals.
 16307 | Lair:2   | Learned a level 1 spell: Magic Dart
 17116 | Lair:3   | Reached skill level 13 in Air Magic
 17346 | Lair:3   | Reached skill level 5 in Dodging
 17416 | Lair:3   | Noticed Harold
 17460 | Lair:3   | Killed Harold
 17462 | Lair:3   | Noticed Fannar
 17472 | Lair:3   | Killed Fannar
 17656 | Lair:3   | Reached XP level 13. HP: 95/95 MP: 27/27
 17698 | Lair:3   | Found a hole to the Spider Nest.
 18211 | Lair:4   | Gained mutation: Your mind is acute. (Int +2) [evolution]
 18500 | Lair:4   | Reached skill level 1 in Short Blades
 19219 | Lair:5   | Found a staircase to the Slime Pits.
 19799 | Lair:6   | Entered Level 6 of the Lair of Beasts
 19873 | Lair:6   | Identified Izyibi's Collected Works on Attacks (Sif Muna gifted it to you on level 6 of the Lair of Beasts)
 19873 | Lair:6   | Received a gift from Sif Muna
 19898 | Lair:6   | Learned a level 4 spell: Sticky Flame
 20321 | Lair:6   | Reached skill level 1 in Fire Magic
 20979 | Lair:6   | Gained mutation: You can translocate small distances at will. [evolution]
 22041 | Lair:6   | Noticed a dire elephant
 22041 | Lair:6   | Noticed a dire elephant
 22043 | Lair:6   | Noticed a dire elephant
 22065 | Lair:6   | Killed a dire elephant
 22065 | Lair:6   | Reached skill level 14 in Air Magic
 22065 | Lair:6   | Reached XP level 14. HP: 77/104 MP: 15/29
 23030 | Lair:6   | Identified Oceuhehu's Incunabulum of Earthen Good Luck (Sif Muna gifted it to you on level 6 of the Lair of Beasts)
 23030 | Lair:6   | Received a gift from Sif Muna
 23173 | Lair:6   | Identified the +8 eveningstar of the Vestibule of Hell {elec, rPois rN+} (You found it on level 6 of the Lair of Beasts)
 23555 | D:10     | Learned a level 3 spell: Ozocubu's Armour
 24140 | D:11     | Found a staircase to the Orcish Mines.
 24276 | D:11     | Reached skill level 5 in Stealth
 24524 | Orc:1    | Entered Level 1 of the Orcish Mines
 24659 | Orc:2    | Entered Level 2 of the Orcish Mines
 24786 | Orc:2    | Noticed Azrael
 24819 | Orc:2    | Killed Azrael
 25205 | Orc:2    | Found a roughly hewn altar of Beogh.
 25240 | Orc:2    | Found Dinlafay's General Store.
 25292 | Orc:2    | Found a staircase to the Elven Halls.
 25351 | Orc:2    | Reached skill level 1 in Ice Magic
 26031 | Orc:2    | Reached skill level 5 in Fire Magic
 26178 | Orc:2    | Found Kaakly's Antique Armour Boutique.
 26178 | Orc:2    | Found Kisor's Distillery.
 26180 | Orc:2    | Found Uforoen's Book Shop.
 26183 | Orc:2    | Found Xonuwnon's Weapon Boutique.
 26191 | Orc:2    | Bought a potion of beneficial mutation for 455 gold pieces
 26337 | Orc:1    | Found a roughly hewn altar of Beogh.
 27402 | Shoals:1 | Entered Level 1 of the Shoals
 27782 | Shoals:1 | Received a gift from Sif Muna
 27792 | Shoals:1 | Learned a level 2 spell: Shroud of Golubria
 27796 | Shoals:1 | Learned a level 3 spell: Regeneration
 28367 | Shoals:1 | Reached skill level 1 in Necromancy
 28981 | Shoals:1 | Upgraded the game from 0.20-a0-502-g555d78b to 0.20-a0-507-gc86f373
 29078 | D:10     | Learned a level 6 spell: Deflect Missiles
 29651 | Shoals:2 | Reached XP level 15. HP: 79/111 MP: 23/30
 31320 | Shoals:2 | Upgraded the game from 0.20-a0-507-gc86f373 to 0.20-a0-513-g02c11fc
 31818 | Shoals:3 | Learned a level 1 spell: Apportation
 32321 | Shoals:3 | Identified Rastroze's Guide on Attacks (Sif Muna gifted it to you on level 3 of the Shoals)
 32321 | Shoals:3 | Received a gift from Sif Muna
 32321 | Shoals:3 | Reached skill level 15 in Air Magic
 32464 | Shoals:3 | Identified a scroll of acquirement
 32465 | Shoals:3 | Got a pair of jewelled boots
 32834 | Shoals:2 | Identified the +1 pair of boots of Somewhere Else {rPois rN+} (You acquired it on level 3 of the Shoals)
 32880 | Shoals:3 | Noticed a kraken
 33266 | Shoals:3 | Mangled by a tentacle

Vault maps used:
D:1:      saegor_arrival_simple_a, amethyst_killhole,
          hangedman_abyss_or_decor_lesser_grid, tso_metal_star
D:2:      bloody_trog, zin_treasury
D:3:      nicolae_overflow_hidden_temple
D:4:      first_bread, minivault_27
D:5:      uniq_crazy_yiuf_cottage
D:6:      uniq_sigmund
D:8:      minitemple, uniq_grum, uniq_maurice
D:9:      the_bakery
D:10:     minmay_lair_entry_grove, minivault_20, uniq_urug
D:11:     hiddenorc1_lemuel
Temple:   minmay_temple_bridge_d
Lair:2:   minmay_shoals_entry_lonely_mermaid, portal_ice_cave_entry_imps,
          serial_bayou_lagoon_a
Lair:3:   spider_nest_entry_a, small_statue_intersection, uniq_fannar,
          uniq_harold
Lair:5:   slime_dummy, kennysheep_catoblepas_arena, lemuel_fruit_tree,
          lemuel_fruit_fields
Lair:6:   due_jungle_book, infiniplex_staircase_pool_2, serial_bayou_shore_a,
          grunt_megastairs_4
Shoals:1: nicolae_shoals_island_circles
Shoals:3: serial_shops, shop
Orc:1:    basic_altar
Orc:2:    st_orc_mages, serial_shops, nicolae_shop_waterfront,
          lemuel_statue_altar, uniq_azrael
IceCv:    ice_cave_small_demon

Skill      XL: |  1  2  3  4  5  6  7  8  9 10 11 12 13 14 15 |
---------------+----------------------------------------------+-----
Stealth        | 2 3 4 5 |  5.0
Dodging        | 2 3 4 5 6 |  6.3
Spellcasting   | 3 4 5 6 7 8 9 10 11 12 | 12.2
Conjurations   | 2 3 4 5 7 8 10 11 13 14 | 14.5
Air Magic      | 4 5 7 9 10 12 13 14 15 | 15.0
Fighting       | 1 2 3 4 |  4.5
Charms         | 1 3 4 |  4.8
Short Blades   | 3 4 |  4.7
Fire Magic     | 3 5 6 |  6.6
Ice Magic      | 3 4 |  4.6
Necromancy     | 2 |  2.0
Evocations     | |  0.9

Action                   |  1- 3 |  4- 6 |  7- 9 | 10-12 | 13-15 || total
-------------------------+-------+-------+-------+-------+-------++-------
Melee: Dagger            |    37 |    65 |    52 |       |       ||   154
       Tailslap          |     1 |     4 |     3 |    36 |    98 ||   142
       Short sword       |       |       |     3 |   198 |   468 ||   669
 Cast: Shock             |    82 |   156 |   192 |   446 |   497 ||  1373
       Repel Missiles    |     1 |       |       |     1 |     3 ||     5
       Static Discharge  |       |     1 |    20 |    33 |     9 ||    63
       Swiftness         |       |     1 |     1 |     2 |     3 ||     7
       Lightning Bolt    |       |       |       |     5 |    18 ||    23
       Iskenderun's Myst |       |       |       |    18 |   139 ||   157
       Iskenderun's Batt |       |       |       |    11 |   152 ||   163
       Sticky Flame      |       |       |       |       |    74 ||    74
       Magic Dart        |       |       |       |       |    27 ||    27
       Ozocubu's Armour  |       |       |       |       |    10 ||    10
       Deflect Missiles  |       |       |       |       |     5 ||     5
Invok: Divine Energy     |       |       |       |     1 |       ||     1
 Abil: Breathe Steam     |       |       |    19 |    83 |    88 ||   190
       Blink             |       |       |       |       |     1 ||     1
Evoke: Wand              |       |       |       |     4 |       ||     4
       Fan of gales      |       |       |       |     1 |     1 ||     2
       Phial of floods   |       |       |       |       |     1 ||     1
  Use: Scroll            |     7 |     7 |     7 |     8 |    16 ||    45
       Potion            |       |       |     3 |     4 |     2 ||     9
 Stab: Sleeping          |       |     1 |     4 |     4 |     2 ||    11
       Confused          |       |       |       |     1 |       ||     1
       Distracted        |       |       |       |       |     1 ||     1
  Eat: Chunk             |     6 |     9 |    14 |    27 |    77 ||   133
       Buggy             |       |       |     1 |     2 |       ||     3
       Fruit             |       |       |       |     6 |     1 ||     7
       Buggy             |       |       |       |     3 |     2 ||     5
       Bread ration      |       |       |       |       |     2 ||     2
       Royal jelly       |       |       |       |       |     1 ||     1
Armor: Skin              |    14 |    18 |    22 |   105 |   240 ||   399
Dodge: Dodged            |    31 |    50 |    70 |   205 |   581 ||   937
       Deflected         |       |       |       |    11 |    29 ||    40
